 Dungeon Crawl Stone Soup version 0.30.0-5-g1a98f26d00 (webtiles) character file.

Game seed: 16055505011782955227

16 Strat the Sneak (level 2, -2/13 HPs)
             Began as a Vine Stalker Fire Elementalist on May 11, 2023.
             Slain by a hobgoblin (3 damage)
             ... on level 2 of the Dungeon.
             The game lasted 00:01:35 (744 turns).

Strat the Sneak (Vine Stalker Fire Elementalist)     Turns: 744, Time: 00:01:36

Health: -2/13      AC:  2    Str: 10    XL:     2   Next: 58%
Magic:  0/6        EV: 12    Int: 15    God:
Gold:   22         SH:  0    Dex: 14    Spells: 2/5 levels left

rFire   . . .        c - +0 short sword
rCold   . . .        (no shield)
rNeg    . . .        a - +0 robe
rPois   .            (no helmet)
rElec   .            (no cloak)
rCorr   .            (no gloves)
SInv    .            (no boots)
Will    .....        (no amulet)
Stlth   +++          (no ring)
HPRegen 0.22/turn    (no ring)
MPRegen 0.10/turn

%: guardian spirit
@: no status effects
A: fangs 2, magic shield, antimagic bite, no potion heal 2
a: no special abilities


You were on level 2 of the Dungeon.
You visited 1 branch of the dungeon, and saw 2 of its levels.

You collected 22 gold pieces.

Inventory:

Hand Weapons
 c - a +0 short sword (weapon)
Armour
 a - a +0 robe (worn)
Jewellery
 k - an amulet of the acrobat
Scrolls
 e - a scroll of enchant armour {unknown}
 f - 2 scrolls of fear {unknown}
 g - 2 scrolls of amnesia {unknown}
 h - a scroll of vulnerability {unknown}
 i - a scroll of magic mapping {unknown}
 j - a scroll of identify {unknown}
Potions
 b - a potion of magic
 d - a potion of might {unknown}


   Skills:
 - Level 1.5 Dodging
 + Level 4.0 Stealth
 - Level 2.1 Spellcasting
 - Level 1.0 Conjurations
 - Level 3.0 Fire Magic


You had 2 spell levels left.
You knew the following spells:

 Your Spells              Type           Power      Damage    Failure   Level
a - Foxfire               Conj/Fire      28%        2x1d5     10%         1
b - Scorch                Fire           20%        2d6       10%         2

Your spell library contained the following spells:

 Spells                   Type           Power      Damage    Failure   Level
 Inner Flame              Hex/Fire       6%         N/A       34%         3
 Volatile Blastmotes      Fire/Tloc      12%        2d11      34%         3
 Flame Wave               Conj/Fire      7%         2d5       67%         4


Dungeon Overview and Level Annotations

Branches:
Dungeon (2/15)

Altars:

Shops:
D:1 ?*


Innate Abilities, Weirdness & Mutations

You have extremely sharp teeth.
When hurt, damage is shared between your health and your magic reserves.
Your bite disrupts and absorbs the magic of your enemies.
Potions cannot restore your health.


Message History

* * * LOW HITPOINT WARNING * * *
A worm comes into view.
There is a stone staircase leading up here.
The quokka attacks as you move away! The quokka closely misses you.
An adder comes into view.
The quokka is no longer more vulnerable to fire.
The worm bites you!
Ouch! That really hurt!
* * * LOW HITPOINT WARNING * * *
A kobold comes into view.
It is wielding a +0 dagger and quivering poisoned darts.
The quokka closely misses you. The quokka attacks as you move away!
The quokka misses you.
A kobold comes into view. It is wielding a +0 dagger.
The quokka attacks as you move away!
The quokka bites you but does no damage.
The quokka bites you.
* * * LOW HITPOINT WARNING * * *
A hobgoblin comes into view.
The quokka attacks as you move away! The quokka barely misses you.
The hobgoblin shouts!
The quokka attacks as you move away! The quokka barely misses you.
A kobold comes into view. It is wielding a +0 whip.
You completely miss the hobgoblin.
The kobold shouts!
You bite the hobgoblin. You drain its power.
You feel invigorated.
The hobgoblin is severely wounded.
The quokka barely misses you. The quokka bites you.
* * * LOW HITPOINT WARNING * * *
The kobold hits you with a +0 dagger. The hobgoblin closely misses you.
You hit the hobgoblin but do no damage.
The hobgoblin is severely wounded.
The quokka bites you. The hobgoblin hits you.
* * * LOW HITPOINT WARNING * * *
The kobold hits you but does no damage.
You closely miss the hobgoblin.
You bite the hobgoblin, but do no damage.
The hobgoblin is heavily wounded.
The quokka barely misses you. The kobold barely misses you.
The hobgoblin hits you.
You die...

## .....g.....
#.###.........
#............
##..<##.#..##
#.†g##....###
#.#.S#..K....
#....#.gw.S#
##.....S.SgK#
#.......###@#
...####.#.# #r#
.######.#.###K#
........K...#
.############


You could see a worm, 2 adders, a quokka, 2 hobgoblins, a ball python and 3
kobolds.

Vanquished Creatures
  An endoplasm (D:1)
  2 giant cockroaches (D:1)
  2 hobgoblins
  3 kobolds (D:1)
  A quokka (D:1)
  3 bats (D:1)
  A frilled lizard (D:1)
  2 rats (D:1)
15 creatures vanquished.

Vanquished Creatures (others)
  24 foxfires (D:1)
24 creatures vanquished.

Grand Total: 39 creatures vanquished

Notes
Turn   | Place    | Note
-------+----------+-------------------------------------------
     0 | D:1      | Strat the Vine Stalker Fire Elementalist began the quest
                  | for the Orb.
     0 | D:1      | Reached XP level 1. HP: 9/9 MP: 4/4
    76 | D:1      | Reached skill level 3 in Stealth
   162 | D:1      | Reached XP level 2. HP: 13/13 MP: 3/6
   358 | D:1      | Learned a level 2 spell: Scorch
   360 | D:1      | Found Nicicrae's Magic Scroll Boutique.
   617 | D:1      | Found Oripera's Assorted Antiques.
   724 | D:2      | Reached skill level 4 in Stealth
   744 | D:2      | Slain by a hobgoblin

Illustrated notes

Levels and vault maps discovered:
D:1:      amcnicky_arrival_single_pillar, layout_loops_ring, serial_shops, shop,
          nicolae_shop_statue_plus
D:2:      layout_loops_cross, hellmonk_ecumenical_altar_blasted, serial_shops,
          nicolae_shop_real_fake_doors, minmay_stone_trees_small, st_stairs_2,
          uniq_sigmund

Skill      XL: |  1  2 |
---------------+-------+-----
Stealth        | 3 4 |  4.0
Dodging        | |  1.5
Spellcasting   | |  2.1
Conjurations   | |  1.0
Fire Magic     | |  3.0

Action                     || total
---------------------------++-------
  Melee: Short sword       ||    22
         Bite              ||     4
   Cast: Foxfire           ||    14
         Scorch            ||     3
   Stab: Sleeping          ||     1
 Armour: Robe              ||     3
  Dodge: Dodged            ||    23
